 Dungeon Crawl Stone Soup version 0.18-a0-5-gf1fb587 (webtiles) character file.

2984 glosham the Martial Artist (level 9, 0/73 (74) HPs)
             Began as a Demigod Monk on Oct 31, 2015.
             Slain by an orc warrior
             ... wielding a +0 scimitar
              (23 damage)
             ... on level 7 of the Dungeon on Nov 1, 2015.
             The game lasted 01:52:26 (6718 turns).

glosham the Martial Artist (Demigod Monk)           Turns: 6718, Time: 01:52:27

HP:   0/73 (74)     AC:  3    Str: 14    XL:     9   Next: 28%
MP:   11/11         EV: 13    Int: 18    God:
Gold: 467           SH:  0    Dex: 18    Spells: 2 memorised, 5 levels left

rFire  . . .     SeeInvis .       - Unarmed
rCold  . . .     Rnd*Rage +     X - +0 robe
rNeg   + + .     SustAt   +     (no shield)
rPois  .         Gourm    .     (helmet restricted)
rElec  .         Spirit   .     Y - +0 cloak
rCorr  .         Warding  +     (no gloves)
rMut   .         Stasis   .     (no boots)
MR     .....                    z - amulet of warding
Stlth  +++.......               B - ring of stealth (curse)
                                A - ring of positive energy

@: not resistant to hostile enchantments, fairly stealthy
A: horns 1, berserk 1, clumsy 1, high mp 1, slow regeneration 1, sustain
attributes
a: no special abilities


You were on level 7 of the Dungeon.
You were not hungry.

You visited 1 branch of the dungeon, and saw 7 of its levels.

You collected 467 gold pieces.

Inventory:

Hand Weapons
 b - a +5 antimagic mace
 c - a +0 shortbow
 d - a +0 great sword
Missiles
 f - 6 poisoned arrows
 k - 13 tomahawks (quivered)
 q - 15 arrows of flame
 s - 15 poisoned needles
Armour
 U - a +0 helmet
 X - a +0 robe (worn)
 Y - a +0 cloak (worn)
 Z - a +0 buckler
Jewellery
 z - an amulet of warding (around neck)
 A - a ring of positive energy (left hand)
 B - a cursed ring of stealth (right hand)
 D - an uncursed ring of fire
Wands
 g - a wand of digging (7)
 h - a wand of disintegration (16)
 u - a wand of confusion (27)
Scrolls
 e - a scroll of remove curse
 l - 3 scrolls of teleportation
 n - a scroll of fear
Potions
 j - 2 potions of curing
 v - 3 potions of heal wounds
Books
 r - a book of Spatial Translocations

   Spells                             Type                      Level
   a - Apportation                    Translocation                1
   b - Blink                          Translocation                2
   c - Shroud of Golubria             Charms/Translocation         2
   d - Portal Projectile              Translocation                3
   e - Teleport Other                 Translocation                3
   f - Passage of Golubria            Translocation                4
Comestibles
 a - 2 bread rations
 i - 3 chunks of flesh
 m - a slice of pizza


   Skills:
 - Level 5.2 Fighting
 + Level 2.9 Dodging
 - Level 1.7 Stealth
 * Level 11.6 Unarmed Combat


You had 5 spell levels left.
You knew the following spells:

 Your Spells              Type           Power        Failure   Level  Hunger
a - Apportation           Tloc           #.........   21%         1    ##.....
b - Blink                 Tloc           N/A          34%         2    ###....


Dungeon Overview and Level Annotations

Branches:
Dungeon (7/15)             Temple (0/1) D:5


Innate Abilities, Weirdness & Mutations

You have an increased reservoir of magic (+10% MP).
Your attributes are resistant to harm.
You have a pair of small horns on your head.
You tend to lose your temper in combat.
You are clumsy. (Dex -2)
You regenerate slowly when monsters are visible.


Message History

Evoke which item? (* to show all) (? for menu, Esc to quit)
Zapping:
u - a wand of confusion {zapped: 6} (will waste charges)
Press: ? - help, Shift-Dir - straight line, f - orc warrior
Aim: an orc warrior, wielding a scimitar and wearing a plate armour (chance to defeat MR: 46%)
The orc warrior resists with some effort.
Evoking this partially-identified wand wasted a few charges.
You barely miss the orc warrior.
The orc warrior hits you with a scimitar!
You hit the orc warrior. Your headbutt misses the orc warrior.
The orc warrior is lightly wounded.
Some of the chunks of flesh in your inventory have rotted away.
You hit the orc warrior but do no damage.
The orc warrior is lightly wounded.
The orc warrior hits you with a scimitar!!
You barely miss the orc warrior.
The orc warrior is lightly wounded.
You barely miss the orc warrior.
The orc warrior is lightly wounded.
The orc warrior hits you with a scimitar!
Drink which item? (? for menu, Esc to quit)
Okay, then.
You barely miss the orc warrior.
The orc warrior is lightly wounded.
The orc warrior hits you with a scimitar!
You punch the orc warrior!
You headbutt the orc warrior, but do no damage.
The orc warrior is heavily wounded.
You hit the orc warrior.
You headbutt the orc warrior, but do no damage.
The orc warrior is heavily wounded.
The orc warrior closely misses you.
You punch the orc warrior!
The orc warrior is almost dead.
The orc warrior barely misses you.
You hit the orc warrior.
The orc warrior is almost dead.
You closely miss the orc warrior. Your headbutt misses the orc warrior.
The orc warrior is almost dead.
The orc warrior hits you with a scimitar!!
You die...

.##....._...........## ##
#>)###......#......## # ##$
#.....###....##
#.###...#####....##
#.......####......## #
#..................## #
...###..####..######.....####
....... #.## #.........
#..c........####@# #.........
.............coo##
##.........
.....###...####oo#
####.......... ..........#
##.# #............. ....
.#..######.....#...........
.[# #...##.....# ##.........#
#.# ##..(...###.# #...##....#
#.####.......# .. #...##....#
#..##.[###...#
#.###..####....


You could see an orc warrior, a centaur and 2 orcs.

Vanquished Creatures
  The ghost of Alipheese the Cleaver, a novice NaFi (D:7)
  Grinder (D:4)
  The ghost of 4thArraOfDagon the Chopper, an amateur VSBe of Trog (D:6)
  Eustachio (D:4)
  2 sky beasts
  2 ice beasts (D:7)
  A necrophage (D:7)
  An ogre (D:6)
  A phantom (D:5)
  4 centaurs
  2 giant frogs (D:6)
  2 scorpions
  A crimson imp (D:6)
  An orc priest (D:6)
  4 hounds
  3 giant frog skeletons
  2 orc wizards (D:6)
  7 worker ants
  2 iguanas
  A hound zombie (D:6)
  Robin (D:2)
  4 gnolls
  7 adders
  A shadow imp (D:7)
  An ooze (D:5)
  An adder skeleton (D:4)
  3 worms (D:3)
  13 orcs
  11 goblins
  8 hobgoblins
  10 jackals
  12 kobolds
  4 quokkas
  12 bats
  5 giant cockroaches
  A giant newt (D:3)
  6 rats
140 creatures vanquished.

Notes
Turn   | Place    | Note
--------------------------------------------------------------
     0 | D:1      | glosham the Demigod Monk began the quest for the Orb.
     0 | D:1      | Reached XP level 1. HP: 18/18 MP: 3/3
   360 | D:1      | Reached skill level 4 in Unarmed Combat
   377 | D:1      | Reached XP level 2. HP: 16/25 MP: 4/4
   610 | D:1      | Reached XP level 3. HP: 19/30 MP: 5/5
  1007 | D:2      | Found a shimmering altar of Xom.
  1689 | D:2      | Reached skill level 5 in Unarmed Combat
  1715 | D:3      | Noticed Robin
  1737 | D:2      | Killed Robin
  1817 | D:3      | Reached XP level 4. HP: 14/37 MP: 6/6
  1930 | D:3      | Found a glowing silver altar of Zin.
  2142 | D:4      | Noticed Eustachio
  2200 | D:4      | Learned a level 1 spell: Apportation
  2203 | D:4      | Learned a level 2 spell: Blink
  2435 | D:4      | Reached skill level 6 in Unarmed Combat
  2435 | D:4      | Reached XP level 5. HP: 28/42 MP: 7/7
  2718 | D:4      | HP: 4/42 [worker ant (6)]
  2721 | D:4      | Gained mutation: You regenerate slowly when monsters are visible. [potion of mutation]
  2721 | D:4      | Gained mutation: You are frail (-10% HP). [potion of mutation]
  2721 | D:4      | HP: 1/37 [poisoned by a worker ant]
  2854 | D:4      | Noticed Grinder
  2969 | D:4      | Killed Grinder
  2969 | D:4      | Reached skill level 7 in Unarmed Combat
  2969 | D:4      | Reached XP level 6. HP: 36/45 MP: 8/8
  3399 | D:4      | Killed Eustachio
  3399 | D:4      | Reached skill level 8 in Unarmed Combat
  3399 | D:4      | Reached XP level 7. HP: 23/50 MP: 2/9
  3415 | D:5      | Entered Level 5 of the Dungeon
  3511 | D:5      | Found a staircase to the Ecumenical Temple.
  3686 | D:5      | Found a shadowy altar of Dithmenos.
  3844 | D:5      | Found a shattered altar of Ashenzari.
  4142 | D:6      | Noticed 4thArraOfDagon's ghost (amateur VSBe)
  4147 | D:6      | Killed 4thArraOfDagon's ghost
  4147 | D:6      | Reached skill level 9 in Unarmed Combat
  4407 | D:6      | Reached XP level 8. HP: 28/55 MP: 10/10
  4628 | D:6      | Found a bloodstained altar of Trog.
  4698 | D:6      | Reached skill level 10 in Unarmed Combat
  4732 | D:6      | Reached skill level 3 in Fighting
  4838 | D:6      | Gained mutation: You are clumsy. (Dex -2) [mutagenic meat]
  4839 | D:6      | Gained mutation: You tend to lose your temper in combat. [mutagenic meat]
  5028 | D:6      | Gained mutation: You have a pair of small horns on your head. [potion of mutation]
  5028 | D:6      | Lost mutation: You are frail (-10% HP). [potion of mutation]
  5266 | D:6      | Found a snail-covered altar of Cheibriados.
  5446 | D:7      | Reached skill level 4 in Fighting
  5644 | D:7      | Found a snail-covered altar of Cheibriados.
  5758 | D:7      | Noticed Alipheese's ghost (novice NaFi)
  5788 | D:7      | Killed Alipheese's ghost
  5788 | D:7      | Reached skill level 11 in Unarmed Combat
  5788 | D:7      | Reached XP level 9. HP: 42/73 MP: 11/11
  5939 | D:7      | Reached skill level 5 in Fighting
  6718 | D:7      | Slain by an orc warrior

Vault maps used:
D:1:      dpeg_arrival_signposts, minmay_misc_feat_chi, serial_bayou_pond_e
D:2:      xom_teletrap_fun
D:3:      zin_statuary, nrook_loot_triangle, uniq_robin
D:4:      uniq_grinder, uniq_eustachio
D:5:      ashenzari_conservatory_becter, nicolae_dithmenos_the_darkroom,
          minmay_temple_entry_junction2, first_bread
D:6:      nicolae_overflow_hidden_temple, marbit_many_paths
D:7:      basic_altar

Action                   |  1- 3 |  4- 6 |  7- 9 || total
-------------------------+-------+-------+-------++-------
Melee: Unarmed           |   221 |   159 |   231 ||   611
       Mace              |       |     8 |       ||     8
 Fire: Shortbow          |       |       |     5 ||     5
Throw: Tomahawk          |       |       |     4 ||     4
 Cast: Apportation       |       |     5 |     2 ||     7
Evoke: Wand              |       |     9 |     1 ||    10
  Use: Scroll            |     8 |     6 |     5 ||    19
       Potion            |       |     5 |    12 ||    17
 Stab: Sleeping          |    10 |     5 |     8 ||    23
       Confused          |       |     1 |       ||     1
  Eat: Chunk             |     3 |     6 |    13 ||    22
       Beef jerky        |       |       |     1 ||     1
       Pizza             |       |       |     1 ||     1

Table legend:
 A = Turns spent in this place as a percentage of turns spent in the entire game.
 B = Non-inter-level travel turns spent in this place as a percentage of non-inter-level travel turns spent in the entire game.
 C = Inter-level travel turns spent in this place as a percentage of turns spent in this place.
 D = Turns resting spent in this place as a percentage of non-inter-level travel turns spent in this place.
 E = Turns spent auto-exploring this place as a percentage of non-inter-level travel turns spent in this place.
 F = Non-inter-level travel turns spent in this place divided by the number of levels of this place that you've seen.
                   A       B       C       D       E      F
               +-------+-------+-------+-------+-------+----------------------
         Total | 100.0 | 100.0 |   0.7 |   1.0 |   0.2 | 666.0
       Dungeon | 100.0 | 100.0 |   0.7 |   1.0 |   0.2 | 666.0
               +-------+-------+-------+-------+-------+----------------------

Table legend:
 A = Kills in this place as a percentage of kills in entire the game.
 B = Kills by you in this place as a percentage of kills by you in the entire game.
 C = Kills by friends in this place as a percentage of kills by friends in the entire game.
 D = Other kills in this place as a percentage of other kills in the entire game.
 E = Experience gained in this place as a percentage of experience gained in the entire game.
 F = Experience gained in this place divided by the number of levels of this place that you have seen.
                   A       B       C       D       E      F
               +-------+-------+-------+-------+-------+----------------------
         Total | 100.0 | 100.0 |  -nan |  -nan | 100.0 | 609.1
       Dungeon | 100.0 | 100.0 |  -nan |  -nan | 100.0 | 609.1
               +-------+-------+-------+-------+-------+----------------------

Vault maps used:
D:1:      dpeg_arrival_signposts, minmay_misc_feat_chi, serial_bayou_pond_e
D:2:      xom_teletrap_fun
D:3:      zin_statuary, nrook_loot_triangle, uniq_robin
D:4:      uniq_grinder, uniq_eustachio
D:5:      ashenzari_conservatory_becter, nicolae_dithmenos_the_darkroom,
          minmay_temple_entry_junction2, first_bread
D:6:      nicolae_overflow_hidden_temple, marbit_many_paths
D:7:      basic_altar
